 Dungeon Crawl Stone Soup version 0.24-a0-439-g6dd8730de2 (webtiles) character file.

Game seed: 1538100170488399856

67 KristoblXynda the Slasher (level 3, -1/30 HPs)
             Began as a Draconian Gladiator on June 18, 2019.
             Killed by divine providence
             ... invoked by an orc priest
              (15 damage)
             ... on level 3 of the Dungeon.
             The game lasted 00:02:25 (1746 turns).

KristoblXynda the Slasher (Draconian Gladiator)     Turns: 1746, Time: 00:02:26

Health: -1/30      AC:  6    Str: 16    XL:     3   Next: 98%
Magic:  3/3        EV: 13    Int:  8    God:
Gold:   77         SH:  0    Dex: 13    Spells: 2/2 levels left

rFire    + . .     SeeInvis .   a - +0 long sword
rCold    + . .     Gourm    .   (no shield)
rNeg     . . .     Faith    .   (armour unavailable)
rPois    .         Spirit   .   b - +0 hat
rElec    .         Reflect  .   f - scarf {rC+ rF+}
rCorr    .         Harm     .   (no gloves)
MR       .....                  l - +0 pair of boots
Stlth    +.........             (no amulet)
HPRegen  0.10/turn              (no ring)
MPRegen  0.08/turn              (no ring)

@: no status effects
A: unfitting armour, cold-blooded, AC +5
a: no special abilities


You were on level 3 of the Dungeon.
You were hungry.

You visited 1 branch of the dungeon, and saw 3 of its levels.

You collected 77 gold pieces.

Inventory:

Hand Weapons
 a - a +0 long sword (weapon)
Missiles
 c - 3 throwing nets (quivered)
Armour
 b - a +0 hat (worn)
 f - a scarf of resistance (worn)
 l - a +0 pair of boots (worn)
Jewellery
 j - a cursed amulet of harm {unknown}
Scrolls
 g - a scroll of random uselessness {unknown}
 k - a scroll of immolation {unknown}
 m - a scroll of identify {unknown}
 n - a scroll of teleportation
 o - a scroll of remove curse {unknown}
 p - a scroll of magic mapping {unknown}
Potions
 e - 2 potions of might {unknown}
 h - a potion of magic
 i - 2 potions of curing
Comestibles
 d - 8 rations


   Skills:
 + Level 2.3 Fighting
 * Level 4.1 Long Blades
 - Level 2.3 Throwing
 + Level 3.1 Dodging


You had 2 spell levels left.
You didn't know any spells.
Your spell library was empty.

Dungeon Overview and Level Annotations

Branches:
Dungeon (3/15)

Altars:


Innate Abilities, Weirdness & Mutations

Your plain brown scales are hard. (AC +5)
You cannot fit into any form of body armour.
You are cold-blooded and may be slowed by cold attacks.


Message History

An orc comes into view. It is wielding a +0 whip.
You hear a shout!
There are monsters nearby!
There are monsters nearby!
An orc and an orc priest come into view.
The orc shouts!
The orc priest shouts!
Found a jade ring.
You closely miss the orc. You tail-slap the orc.
The orc is moderately wounded.
The orc priest hits you but does no damage.
The orc misses you.
You barely miss the orc.
The orc is moderately wounded.
The orc priest calls down the wrath of Beogh upon you.
Beogh smites you!
The orc priest hits you with a +0 flail.
The orc priest mumbles some strange prayers to Beogh against you.
Beogh smites you!
Ouch! That really hurt!
You die...

# # ###.#. .=...o###
#..o.o# #o# #@# #.#
#.# #.# #.# #.# .
######.############..
......................
########.#####..[.....


You could see 2 orc priests and an orc.

Vanquished Creatures
  3 adders (D:2)
  A dart slug (D:1)
  3 giant cockroaches
  6 goblins
  3 hobgoblins (D:2)
  A quokka (D:3)
  7 bats
  2 frilled lizards (D:1)
  5 kobolds
  7 rats
38 creatures vanquished.

Notes
Turn   | Place    | Note
-------+----------+-------------------------------------------
     0 | D:1      | KristoblXynda the Draconian Gladiator began the quest for
                  | the Orb.
     0 | D:1      | Reached XP level 1. HP: 17/17 MP: 1/1
   276 | D:1      | Reached XP level 2. HP: 22/24 MP: 2/2
   810 | D:2      | Reached XP level 3. HP: 17/29 MP: 3/3
  1279 | D:2      | Reached skill level 4 in Long Blades
  1746 | D:3      | Killed from afar by an orc priest

Levels and vault maps discovered:
D:1:      co_arrival_random_square_maze, layout_loops_cross, serial_glass,
          glass_columns_a, glass_columns_a, glass_columns_a, glass_columns_b,
          palyth_stone_intersect
D:2:      layout_loops_ring, first_ration
D:3:      layout_loops_ring, lemuel_crystal_altar

Skill      XL: |  1  2  3 |
---------------+----------+-----
Throwing       | 2 |  2.3
Dodging        | 3 |  3.1
Long Blades    | 4 |  4.1
Fighting       | |  2.3

Action                   || total
-------------------------++-------
Melee: Long sword        ||    92
       Tailslap          ||     9
  Use: Potion            ||     2
       Scroll            ||     1
 Stab: Sleeping          ||     2
  Eat: Chunk             ||     2
Armor: Skin              ||    44
Dodge: Dodged            ||    87
       Rpst.: Long sword ||    25

Table legend:
 A = Non-vault XP
 B = Vault XP
 C = Vault XP percentage of total XP
 D = Non-vault monster count
 E = Vault monster count
 F = Vault count percentage of total count
                 A         B        C        D         E       F
            +---------+---------+-------+---------+---------+-------
      Total |      96 |       0 |   0.0 |      38 |       0 |   0.0
            +---------+---------+-------+---------+---------+-------
        D:1 |      28 |       0 |   0.0 |      19 |       0 |   0.0
        D:2 |      66 |       0 |   0.0 |      18 |       0 |   0.0
        D:3 |       2 |       0 |   0.0 |       1 |       0 |   0.0
            +---------+---------+-------+---------+---------+-------
